 Dungeon Crawl Stone Soup version 0.26-a0-834-g69557b85cc (webtiles) character file.

Game seed: 14731330456041875239

3052 robertstho the Frost Mage (level 9, -1/66 HPs)
             Began as a Gnoll Ice Elementalist on Nov 16, 2020.
             Slain by a two-headed ogre
             ... wielding a +0 giant club
              (9 damage)
             ... on level 9 of the Dungeon.
             The game lasted 00:11:04 (9079 turns).

robertstho the Frost Mage (Gnoll Ice Elementalist)  Turns: 9079, Time: 00:11:06

Health: -1/66      AC:  3    Str: 12    XL:     9   Next: 87%
Magic:  14/28      EV: 17    Int: 20    God:
Gold:   353        SH:  0    Dex: 21    Spells: 6/21 levels left

rFire    . . .     SeeInvis .   y - +0 trident (vorpal)
rCold    . . .     Faith    .   (no shield)
rNeg     . . .     Spirit   .   a - +0 robe
rPois    .         Reflect  .   (no helmet)
rElec    .         Harm     .   (no cloak)
rCorr    .         Rampage  .   (no gloves)
MR       .....                  p - +0 pair of boots
Stlth    ++++......             (no amulet)
HPRegen  0.21/turn              w - ring of magical power
MPRegen  0.21/turn              q - +6 ring of dexterity

@: frozen ramparts
A: distributed training, fangs 1, strong nose
a: no special abilities


You were on level 9 of the Dungeon.
You visited 1 branch of the dungeon, and saw 9 of its levels.

You collected 353 gold pieces.

Inventory:

Hand Weapons
 c - a +1 dagger of venom
 y - a +0 vorpal trident (weapon)
 I - a +2 scimitar of flaming
Missiles
 s - 11 poisoned darts (quivered)
Armour
 a - a +0 robe (worn)
 p - a +0 pair of boots (worn)
Jewellery
 h - an uncursed ring of resist corrosion
 q - a +6 ring of dexterity (right hand)
 t - an uncursed ring of ice
 w - a ring of magical power (left hand)
Wands
 g - a wand of disintegration (18)
 n - a wand of random effects (33)
 r - a wand of enslavement (7)
 x - a wand of polymorph (1)
Scrolls
 b - 2 scrolls of magic mapping
 e - 2 scrolls of fog
 f - 4 scrolls of remove curse {unknown}
 l - a scroll of enchant armour {unknown}
 o - 6 scrolls of teleportation
 A - 2 scrolls of amnesia {unknown}
 D - a scroll of fear {unknown}
 E - a scroll of blinking {unknown}
 F - a scroll of immolation {unknown}
Potions
 d - 2 potions of curing
 i - a potion of lignification
 j - 2 potions of berserk rage
 k - a potion of heal wounds
 m - a potion of attraction
 u - 2 potions of magic
 v - a potion of haste {unknown}
 z - a potion of might {unknown}
 B - 2 potions of mutation {unknown}
 C - a potion of flight {unknown}
 G - a potion of resistance
 H - a potion of brilliance


   Skills:
 + Level 4.6 Fighting
 + Level 4.6 Short Blades
 + Level 4.6 Long Blades
 + Level 4.6 Axes
 + Level 4.6 Maces & Flails
 + Level 4.6 Polearms
 + Level 4.6 Staves
 + Level 4.6 Slings
 + Level 4.6 Bows
 + Level 4.6 Crossbows
 + Level 4.6 Throwing
 + Level 4.6 Armour
 + Level 6.6 Dodging
 + Level 6.3 Stealth
 + Level 4.6 Shields
 + Level 4.6 Unarmed Combat
 + Level 6.9 Spellcasting
 + Level 3.8 Conjurations
 + Level 3.8 Hexes
 + Level 3.8 Summonings
 + Level 3.8 Necromancy
 + Level 3.8 Translocations
 + Level 3.8 Transmutations
 + Level 3.8 Fire Magic
 + Level 8.2 Ice Magic
 + Level 3.8 Air Magic
 + Level 3.8 Earth Magic
 + Level 3.8 Poison Magic
 + Level 5.1 Invocations
 + Level 4.6 Evocations


You had 6 spell levels left.
You knew the following spells:

 Your Spells              Type           Power        Failure   Level
a - Freeze                Ice            ####         1%          1
b - Frozen Ramparts       Ice            #####.       1%          3
c - Ozocubu's Armour      Ice            #####...     1%          3
d - Hailstorm             Conj/Ice       ####....     8%          4
e - Summon Ice Beast      Ice/Summ       ####....     8%          4

Your spell library contained the following spells:

 Spells                   Type           Power        Failure   Level


Dungeon Overview and Level Annotations

Branches:
Dungeon (9/15)             Temple (0/1) D:4            Lair (0/6) D:8
    Orc: D:9-12

Altars:
Ashenzari
Cheibriados
Makhleb
Nemelex Xobeh
Qazlal
Trog
Uskayaw
Vehumet
Zin
The Shining One

Shops:
D:6 *


Innate Abilities, Weirdness & Mutations

Your experience applies equally to all skills.
You have very sharp teeth.
Your uncanny sense of smell can sniff out nearby items.


Message History

You hit the two-headed ogre but do no damage.
The two-headed ogre is severely wounded.
The wall freezes the two-headed ogre.
You barely miss the two-headed ogre.
The two-headed ogre is almost dead.
The two-headed ogre hits you with a +0 giant club!!
* * * LOW HITPOINT WARNING * * *
The two-headed ogre barely misses you.
Your ice beast hits the two-headed ogre but does no damage.
Unknown command.
The frozen ramparts melt away.
Your ice beast completely misses the two-headed ogre.
Casting: Frozen Ramparts (safe; 1% risk of failure)
Confirm with . or Enter, or press ? or * to list all spells.
The walls around you are covered in ice.
The wall freezes the two-headed ogre!
The two-headed ogre hits you with a +0 giant club.
* * * LOW HITPOINT WARNING * * *
The two-headed ogre hits you with a +0 giant club!
You die...

..#.....# #...........# *,,,,,
..#.....# #...........# *,,,,,
..#.....# #...........####.,,**
..#.....# #................,,**
..#.....# #........<.......,,,,
.†#.....##**#................,,,,
..........,..........########**,,
.......###############,,,,,,,,*,,
.†.....'......YO@....#,,,,,,,,*,,
.....[.#.....Y.......#,,,,,>,,*,,
.......#.............#,,,,,,,,*,,
.......#.............#,,,,,,,,*,,
.......#.)...........#,,,,,,,,*,,
.......#..##..##....##,,,,,,,,*,,
.....###..##..##....#*,,,,,,,,*,,
..#..#,..............,,,,,,,,,*,,
.....#,,,,,,,,,,,,,,***********,,


You could see a two-headed ogre and 2 friendly ice beasts.

Vanquished Creatures
  Erica (D:9)
  A komodo dragon (D:8)
  An orc warrior (D:7)
  An ice beast (D:6)
  An ogre (D:8)
  2 black bears (D:8)
  A centaur (D:7)
  4 bullfrogs
  3 scorpions
  5 killer bees (D:8)
  3 wights (D:8)
  A howler monkey (D:8)
  3 hounds
  4 orc priests
  A bullfrog skeleton (D:8)
  Natasha (D:2)
  2 orc wizards
  2 iguanas
  5 worker ants
  A hound zombie (D:8)
  A hound skeleton (D:4)
  3 gnolls (D:6)
  10 adders
  3 shadow imps
  A white imp (D:8)
  An adder zombie (D:8)
  2 worms (D:3)
  A dart slug (D:2)
  9 leopard geckos
  14 orcs
  A ball python (D:5)
  6 bats
  3 giant cockroaches
  3 goblins
  3 hobgoblins
  7 jackals
  7 quokkas
  A frilled lizard (D:1)
  2 jackal zombies
  6 kobolds
  A quokka zombie (D:8)
  6 rats
134 creatures vanquished.

Vanquished Creatures (collateral kills)
  A gargoyle (D:5)
  An ice beast (D:4)
  A necrophage (D:5)
  A killer bee (D:8)
  3 howler monkeys (D:9)
  3 bullfrog skeletons
  A centaur skeleton (D:9)
  An adder (D:5)
  An orc (D:5)
  A quokka skeleton (D:5)
14 creatures vanquished.

Vanquished Creatures (others)
  3 plants (D:8)
3 creatures vanquished.

Grand Total: 151 creatures vanquished

Notes
Turn   | Place    | Note
-------+----------+-------------------------------------------
     0 | D:1      | robertstho the Gnoll Ice Elementalist began the quest for
                  | the Orb.
     0 | D:1      | Reached XP level 1. HP: 13/13 MP: 6/6
   222 | D:1      | Reached XP level 2. HP: 19/19 MP: 7/7
   711 | D:1      | Reached skill level 5 in Spellcasting
   711 | D:1      | Reached XP level 3. HP: 7/25 MP: 6/9
   806 | D:1      | Reached skill level 1 in Invocations
   810 | D:1      | Learned a level 3 spell: Frozen Ramparts
   814 | D:1      | Learned a level 3 spell: Ozocubu's Armour
  1063 | D:2      | Reached skill level 1 in Fighting
  1063 | D:2      | Reached skill level 1 in Short Blades
  1063 | D:2      | Reached skill level 1 in Long Blades
  1063 | D:2      | Reached skill level 1 in Axes
  1063 | D:2      | Reached skill level 1 in Maces & Flails
  1063 | D:2      | Reached skill level 1 in Polearms
  1063 | D:2      | Reached skill level 1 in Staves
  1063 | D:2      | Reached skill level 1 in Slings
  1063 | D:2      | Reached skill level 1 in Bows
  1063 | D:2      | Reached skill level 1 in Crossbows
  1063 | D:2      | Reached skill level 1 in Throwing
  1063 | D:2      | Reached skill level 1 in Armour
  1063 | D:2      | Reached skill level 1 in Shields
  1063 | D:2      | Reached skill level 1 in Unarmed Combat
  1063 | D:2      | Reached skill level 1 in Evocations
  1113 | D:2      | Found a stormy altar of Qazlal.
  1229 | D:2      | Reached XP level 4. HP: 30/32 MP: 11/11
  1312 | D:2      | Noticed Natasha
  1326 | D:2      | Killed Natasha
  1332 | D:2      | Reached skill level 1 in Conjurations
  1332 | D:2      | Reached skill level 1 in Hexes
  1332 | D:2      | Reached skill level 1 in Summonings
  1332 | D:2      | Reached skill level 1 in Necromancy
  1332 | D:2      | Reached skill level 1 in Translocations
  1332 | D:2      | Reached skill level 1 in Transmutations
  1332 | D:2      | Reached skill level 1 in Fire Magic
  1332 | D:2      | Reached skill level 1 in Air Magic
  1332 | D:2      | Reached skill level 1 in Earth Magic
  1332 | D:2      | Reached skill level 1 in Poison Magic
  1793 | D:3      | Found a burning altar of Makhleb.
  1848 | D:3      | Found a broken altar of Ashenzari.
  2046 | D:3      | Found a glowing silver altar of Zin.
  2710 | D:4      | Reached XP level 5. HP: 35/37 MP: 8/12
  3044 | D:4      | Reached XP level 6. HP: 40/44 MP: 10/13
  3134 | D:4      | Found a staircase to the Ecumenical Temple.
  3183 | D:4      | Noticed an ice beast
  3192 | D:4      | Learned a level 4 spell: Hailstorm
  3197 | D:4      | Learned a level 4 spell: Summon Ice Beast
  3384 | D:4      | Killed an ice beast
  3385 | D:4      | Reached skill level 5 in Dodging
  3554 | D:4      | Found a snail-covered altar of Cheibriados.
  3554 | D:4      | Found a bloodstained altar of Trog.
  4294 | D:5      | Entered Level 5 of the Dungeon
  4406 | D:5      | Noticed a necrophage
  4417 | D:5      | Killed a necrophage
  4637 | D:5      | Noticed a gargoyle
  4650 | D:5      | Killed a gargoyle
  4651 | D:5      | Reached XP level 7. HP: 44/51 MP: 7/15
  5464 | D:6      | Reached skill level 5 in Stealth
  5845 | D:6      | Found Cagux's Assorted Antiques.
  5959 | D:6      | Reached XP level 8. HP: 57/57 MP: 16/16
  6707 | D:7      | Found a radiant altar of Vehumet.
  6899 | D:7      | Found a sparkling altar of Nemelex Xobeh.
  7510 | D:8      | Found a hide-covered altar of Uskayaw.
  7607 | D:8      | Reached XP level 9. HP: 65/65 MP: 15/18
  7911 | D:8      | Found a staircase to the Lair.
  8051 | D:8      | Reached skill level 8 in Ice Magic
  8224 | D:8      | Noticed a komodo dragon
  8244 | D:8      | Killed a komodo dragon
  8691 | D:8      | Found a glowing golden altar of the Shining One.
  9049 | D:9      | Noticed Erica
  9057 | D:9      | Killed Erica
  9058 | D:9      | Reached skill level 5 in Invocations
  9060 | D:9      | Noticed a two-headed ogre
  9079 | D:9      | Slain by a two-headed ogre

Illustrated notes

Levels and vault maps discovered:
D:1:      mrwooster_arrival_statue_2, layout_loops_ring
D:2:      layout_basic, grunt_qazlal_clouds, uniq_natasha
D:3:      layout_loops_corners, bloody_makhleb, nicolae_overflow_crystal_walls,
          zin_scriptorium
D:4:      layout_basic, gammafunk_temple_overflow_pools, temple_pool_b,
          minmay_misc_feat_iff, kennysheep_minor_cross, minmay_small_thing
D:5:      layout_loops_corners
D:6:      layout_basic, serial_shops, nicolae_shop_window_shopping
D:7:      layout_rooms, nemelex_xobeh_ov_fountains_minmay, lemuel_doored_altar
D:8:      layout_basic, eat_drink_and_be_merry_uskayaw,
          nicolae_overflow_hidden_temple, david_lair_shrubbed,
          minmay_misc_feat_ornament, grunt_ministairs_12
D:9:      layout_stronghold, gammafunk_temple_overflow_statue,
          lemuel_coloured_pillars_altar, enter_bailey_3, basic_altar,
          uniq_erica, uniq_erolcha, uniq_gastronok

Skill      XL: |  1  2  3  4  5  6  7  8  9 |
---------------+----------------------------+-----
Spellcasting   | 5 6 |  6.9
Invocations    | 1 2 3 4 5 |  5.1
Fighting       | 1 2 3 4 |  4.6
Short Blades   | 1 2 3 4 |  4.6
Long Blades    | 1 2 3 4 |  4.6
Axes           | 1 2 3 4 |  4.6
Maces & Flails | 1 2 3 4 |  4.6
Polearms       | 1 2 3 4 |  4.6
Staves         | 1 2 3 4 |  4.6
Slings         | 1 2 3 4 |  4.6
Bows           | 1 2 3 4 |  4.6
Crossbows      | 1 2 3 4 |  4.6
Throwing       | 1 2 3 4 |  4.6
Armour         | 1 2 3 4 |  4.6
Shields        | 1 2 3 4 |  4.6
Unarmed Combat | 1 2 3 4 |  4.6
Evocations     | 1 2 3 4 |  4.6
Conjurations   | 1 2 3 |  3.8
Hexes          | 1 2 3 |  3.8
Summonings     | 1 2 3 |  3.8
Necromancy     | 1 2 3 |  3.8
Translocations | 1 2 3 |  3.8
Transmutations | 1 2 3 |  3.8
Fire Magic     | 1 2 3 |  3.8
Air Magic      | 1 2 3 |  3.8
Earth Magic    | 1 2 3 |  3.8
Poison Magic   | 1 2 3 |  3.8
Dodging        | 5 6 |  6.6
Stealth        | 5 6 |  6.3
Ice Magic      | 8 |  8.2

Action                   |  1- 3 |  4- 6 |  7- 9 || total
-------------------------+-------+-------+-------++-------
Melee: Dagger            |    54 |    70 |     1 ||   125
       Bite              |     5 |     4 |    12 ||    21
       Punch             |       |     1 |     1 ||     2
       Trident           |       |       |   116 ||   116
 Cast: Freeze            |     6 |     1 |     1 ||     8
       Frozen Ramparts   |     1 |    14 |    36 ||    51
       Summon Ice Beast  |       |    10 |    22 ||    32
  Use: Potion            |     1 |       |       ||     1
       Scroll            |       |     7 |     4 ||    11
 Stab: Sleeping          |     2 |     6 |     4 ||    12
       Distracted        |     1 |       |       ||     1
Armor: Robe              |    15 |     7 |    18 ||    40
Dodge: Dodged            |    50 |    65 |   122 ||   237

Table legend: (Time is in decaauts)
 A = Elapsed time spent in this place.
 B = Non-inter-level travel time spent in this place.
 C = Inter-level travel time spent in this place.
 D = Time resting spent in this place.
 E = Time spent auto-exploring this place.
 F = Levels seen in this place.
 G = Mean time per level.
                   A        B        C        D        E       F      G
               +--------+--------+--------+--------+--------+-----+--------+
         Total |   9084 |   8752 |    332 |    329 |   7074 |   9 | 1009.3 |
       Dungeon |   9084 |   8752 |    332 |    329 |   7074 |   9 | 1009.3 |
               +--------+--------+--------+--------+--------+-----+--------+

Top non-repeatable levels by time:
     D:8: 1826 daAuts
     D:4: 1627 daAuts
     D:5: 1161 daAuts
     D:6: 967 daAuts
     D:1: 917 daAuts
     D:3: 882 daAuts
     D:2: 864 daAuts
     D:7: 753 daAuts
     D:9: 84 daAuts
